 Dungeon Crawl Stone Soup version 0.20.1-1-g8b1a95d (console) character file.

198 hilaritas the Chiller (level 5, -2/28 HPs)
             Began as a Deep Elf Ice Elementalist on Nov 11, 2017.
             Slain by an orc
             ... wielding a +0 trident
              (7 damage)
             ... on level 4 of the Dungeon.
             The game lasted 00:07:42 (3739 turns).

hilaritas the Chiller (Deep Elf Ice Elementalist)   Turns: 3739, Time: 00:07:42

Health: -2/28      AC:  5    Str:  6    XL:     5   Next: 47%
Magic:  7/13       EV: 13    Int: 20    God:
Gold:   197        SH:  0    Dex: 15    Spells: 3/13 levels left

rFire    . . .     SeeInvis +   m - +3 dagger (venom)
rCold    . . .     Gourm    .   (no shield)
rNeg     + . .     Faith    .   a - +0 robe
rPois    .         Spirit   .   (no helmet)
rElec    .         Reflect  .   w - +2 cloak {+Inv}
rCorr    .         Harm     .   (no gloves)
MR       .....                  (no boots)
Stlth    ++........             (no amulet)
Regen    0.1/turn               h - ring of positive energy
MPRegen  0.2/turn               v - ring of see invisible

@: no status effects
A: no striking features
a: Evoke Invisibility


You were on level 4 of the Dungeon.
You were hungry.

You visited 1 branch of the dungeon, and saw 4 of its levels.

You collected 197 gold pieces.

Inventory:

Hand Weapons
 g - a +0 dagger
 m - a +3 dagger of venom (weapon)
Armour
 a - a +0 robe (worn)
 w - a +2 cloak of invisibility (worn)
Jewellery
 h - a ring of positive energy (left hand)
 j - a +5 ring of dexterity
 v - a ring of see invisible (right hand)
Scrolls
 i - 2 scrolls of recharging
 k - a scroll of identify
Potions
 e - a potion of lignification
 f - a potion of curing
 o - a potion of heal wounds {unknown}
 p - 2 potions of agility
 r - a potion of might {unknown}
Books
 b - a book of Frost

   Spells                             Type                      Level
   a - Freeze                         Ice                          1
   b - Throw Frost                    Conjuration/Ice              2
   c - Ozocubu's Armour               Charms/Ice                   3
   d - Throw Icicle                   Conjuration/Ice              4
   e - Summon Ice Beast               Ice/Summoning                4
 n - a book of Necromancy

   Spells                             Type                      Level
   a - Pain                           Necromancy                   1
   b - Animate Skeleton               Necromancy                   1
   c - Vampiric Draining              Necromancy                   3
   d - Regeneration                   Charms/Necromancy            3
   e - Animate Dead                   Necromancy                   4
   f - Control Undead                 Necromancy                   4
Comestibles
 c - 3 bread rations
 d - 2 meat rations


   Skills:
 - Level 2.4 Dodging
 - Level 2.4 Stealth
 * Level 4.5 Spellcasting
 - Level 2.7 Conjurations
 - Level 1.3 Charms
 - Level 5.4 Ice Magic


You had 3 spell levels left.
You knew the following spells:

 Your Spells              Type           Power        Failure   Level  Hunger
a - Freeze                Ice            ####         1%          1    None
b - Throw Frost           Conj/Ice       ###...       3%          2    #......
c - Ozocubu's Armour      Chrm/Ice       ###.....     9%          3    ##.....
d - Throw Icicle          Conj/Ice       ###.....     22%         4    ####...


Dungeon Overview and Level Annotations

Branches:
Dungeon (4/15)             Temple (0/1) D:4

Altars:
Qazlal


Message History

The hound is severely wounded.
The orc misses you. The hound bites you.
Casting: Freeze
Confirm with . or Enter, or press ? or * to list all spells.
Aiming: Freeze
Press: ? - help, Shift-Dir - straight line, f/p - hound
Aim: a hound (severely wounded)
You freeze the hound.
You kill the hound!
Your Spellcasting skill increases to level 4!
The orc hits you from afar with a trident.
The jackal barely misses you.
You hit the jackal.
You kill the jackal!
The orc completely misses you.
An adder comes into view.
The orc hits you from afar with a trident.
* * * LOW HITPOINT WARNING * * *
The orc hits you with a trident!
You die...

*,,* *,**,* *,,*
*,**,* *..# ****,**,*
*..# *,,,,**,*
*..#***,####*,*
#######..#,,,,,..#*,*
.........#,#***#.#*,#
######...#.# #.##.#
...###.....# #..†h#
##......##,* #o####
#####.###.#####@# #.#
#.......# #.#
####.#### #.######.#
#........# ##########


You could see an orc.

Vanquished Creatures
  3 hounds (D:4)
  Crazy Yiuf (D:3)
  A hound skeleton (D:4)
  2 oozes
  A worm (D:2)
  A dart slug (D:1)
  3 leopard geckos
  An orc (D:3)
  3 bats
  2 giant cockroaches (D:1)
  7 goblins
  5 hobgoblins
  5 jackals
  4 kobolds
  A quokka (D:2)
  5 frilled lizards
  7 rats
52 creatures vanquished.

Notes
Turn   | Place    | Note
-------+----------+-------------------------------------------
     0 | D:1      | hilaritas the Deep Elf Ice Elementalist began the quest for the Orb.
     0 | D:1      | Reached XP level 1. HP: 10/10 MP: 6/6
   215 | D:1      | Reached skill level 4 in Ice Magic
   215 | D:1      | Reached XP level 2. HP: 15/15 MP: 5/8
   219 | D:1      | Learned a level 2 spell: Throw Frost
   570 | D:1      | Reached XP level 3. HP: 1/19 MP: 0/9
   861 | D:1      | Learned a level 3 spell: Ozocubu's Armour
  1783 | D:2      | Found a stormy altar of Qazlal.
  1966 | D:3      | Found a runed door.
  2362 | D:3      | Reached skill level 5 in Ice Magic
  2622 | D:3      | Noticed Crazy Yiuf
  2629 | D:3      | HP: 1/28 [Crazy Yiuf/quarterstaff of chaos (16)]
  2633 | D:3      | Killed Crazy Yiuf
  2633 | D:3      | Reached XP level 4. HP: 11/24 MP: 0/10
  3088 | D:4      | Reached skill level 1 in Charms
  3639 | D:4      | Reached XP level 5. HP: 21/28 MP: 7/12
  3663 | D:4      | Learned a level 4 spell: Throw Icicle
  3739 | D:4      | Slain by an orc

Skill      XL: |  1  2  3  4  5 |
---------------+----------------+-----
Ice Magic      | 4 5 |  5.4
Conjurations   | 2 |  2.7
Charms         | 1 |  1.3
Spellcasting   | 4 |  4.5
Dodging        | |  2.4
Stealth        | |  2.4

Action                   |  1- 3 |  4- 6 || total
-------------------------+-------+-------++-------
Melee: Dagger            |    10 |     7 ||    17
 Cast: Freeze            |    60 |    26 ||    86
       Throw Frost       |     3 |       ||     3
       Ozocubu's Armour  |     1 |       ||     1
  Use: Potion            |     3 |       ||     3
       Scroll            |       |     9 ||     9
  Eat: Chunk             |     5 |     3 ||     8
Armor: Robe              |    11 |    12 ||    23
       Skin              |     3 |       ||     3
Dodge: Dodged            |    26 |    22 ||    48
